AoeStats
← Corsica

MegaRandom

508979108Analyzed
3v3 RM · 6d ago on Sep 24, 2026· 15m 44s· 6 players
Game mode
Random Map
Map size
Normal (6 player)
Population
200
Speed
Normal
Resources
Standard
Victory
Conquest
Starting age
Dark Age
Ending age
Imperial Age
RankedLock teamsTeams togetherTeam positionsShared explorationLock speedFull tech treeHidden civsTurbo modeCheats
Victory
Defeat
🇦🇷 Britons · Argentina
1440
+13
🇦🇷 Persians · Argentina
1428
+14
🇦🇷 Wei · Argentina
1422
+14
🇦🇷 Georgians · Argentina
1407
-15
🇨🇦 Dravidians · Canada
1369
-13
🇧🇦 Japanese · Bosnia & Herzegovina
1359
-13
Corsica
1:46 Loom
12:04 Feudal Age
16:42 Castle Age
14:39 Horse Collar
14:45 Double-Bit Axe
1godi
2:25 Loom
11:11 Feudal Age
11:49 Double-Bit Axe
12:01 Horse Collar
15:18 Scale Mail Armor
Garrón Husita
11:04 Feudal Age
9:22 Loom
13:22 Wheelbarrow
12:44 Double-Bit Axe
12:44 Horse Collar
15:12 Castle Age
13:09 Horse Collar
13:20 Gold Mining
15:25 Stone Mining
16:14 Hand Cart
Fetuquin
1:42 Loom
11:02 Feudal Age
11:38 Double-Bit Axe
13:22 Fletching
Frank
9:11 Loom
11:17 Feudal Age
12:35 Double-Bit Axe
14:21 Scale Barding Armor
14:27 Forging
15:03 Scale Barding Armor
TheBarber
1:34 Loom
10:09 Feudal Age
10:41 Double-Bit Axe
11:21 Horse Collar
Connection lost

Rejoining the realm…

Still unreachable

The connection could not be restored.

Session expired

The server has moved on; the page needs a fresh start.